 Dungeon Crawl Stone Soup version 0.25-a0-435-g4b9beb1024 (webtiles) character file.

Game seed: 125339456068198850, levelgen mode: deterministic

473 Eurus the Magician (level 6, -5/48 HPs)
             Began as a Mummy Conjurer on Jan 29, 2020.
             Was an Initiate of Ashenzari.
             Killed from afar by an orc wizard (7 damage)
             ... with a magic dart
             ... on level 4 of the Dungeon.
             The game lasted 00:13:01 (5522 turns).

Eurus the Magician (Mummy Conjurer)                 Turns: 5522, Time: 00:13:01

Health: -5/48      AC:  6    Str: 12    XL:     6   Next: 83%
Magic:  8/14       EV: 12    Int: 16    God:    Ashenzari [......]
Gold:   252        SH:  0    Dex: 12    Spells: 13/16 levels left

rFire    . . .     SeeInvis .   j - +3 flail
rCold    + . .     Gourm    .   (no shield)
rNeg     + + +     Faith    .   a - +0 robe
rPois    ∞         Spirit   .   (no helmet)
rElec    .         Reflect  .   l - +2 cloak
rCorr    .         Harm     .   (no gloves)
MR       .....                  h - +0 pair of boots
Stlth    +.........             (no amulet)
HPRegen  0.16/turn              e - ring of protection from fire (curse)
MPRegen  0.14/turn              (no ring)

@: confused
A: no food or potions, fire vulnerability, cold resistance 1, negative energy
resistance 3, torment resistance, unbreathing
a: Curse Item, Renounce Religion


You were on level 4 of the Dungeon.
You worshipped Ashenzari.
Ashenzari was noncommittal.
You were not hungry.

You visited 2 branches of the dungeon, and saw 5 of its levels.

You collected 252 gold pieces.

Inventory:

Hand Weapons
 j - a +3 flail (weapon)
Armour
 a - a +0 robe (worn)
 h - a +0 pair of boots (worn)
 l - a +2 cloak (worn)
 m - a +0 ring mail of positive energy
Jewellery
 e - a cursed ring of protection from fire (left hand)
Wands
 k - a wand of scattershot (5)
Scrolls
 b - 3 scrolls of enchant weapon {unknown}
 c - 4 scrolls of identify {unknown}
 d - a scroll of random uselessness {unknown}
 f - 3 scrolls of amnesia {unknown}
 g - 2 scrolls of teleportation {unknown}
 i - a scroll of fog {unknown}


   Skills:
 + Level 3.8 Fighting
 - Level 1.5 Dodging
 - Level 1.5 Stealth
 + Level 5.6 Spellcasting
 + Level 4.7 Conjurations


You had 13 spell levels left.
You knew the following spells:

 Your Spells              Type           Power        Failure   Level  Hunger
a - Magic Dart            Conj           ###.         1%          1    N/A
b - Searing Ray           Conj           ###...       3%          2    N/A

Your spell library contained the following spells:

 Spells                   Type           Power        Failure   Level  Hunger
 Dazzling Flash           Conj/Hex       ##....       16%         3    N/A
 Fulminant Prism          Conj/Hex       ##........   47%         4    N/A
 Iskenderun's Mystic Bla  Conj/Tloc      ##......     47%         4    N/A

Dungeon Overview and Level Annotations

Branches:
Dungeon (4/15)             Temple (1/1) D:4

Altars:
Ashenzari
Cheibriados
Dithmenos
Elyvilon
Hepliaklqana
Kikubaaqudgha
Nemelex Xobeh
Okawaru
Qazlal
Sif Muna
Trog
Uskayaw
Vehumet
Wu Jian
Xom


Innate Abilities, Weirdness & Mutations

You do not eat or drink.
Your flesh is vulnerable to fire.
You are immune to poison.
Your flesh is cold resistant. (rC+)
You are immune to negative energy. (rN+++)
You are immune to unholy pain and torment.
You can survive without breathing.


Message History

The orc wizard casts a spell at you. The magic dart hits you!
The orc priest invokes the aid of Beogh against you.
Beogh smites you!
* * * LOW HITPOINT WARNING * * *
The orc wizard points at you and mumbles some strange words.
You easily resist.
The orc wizard gestures wildly while chanting.
The orc wizard blinks!
The orc wizard casts a spell at you. The magic dart hits you!
* * * LOW HITPOINT WARNING * * *
You're too confused!
You're too confused!
The orc wizard gestures at you while chanting.
You easily resist.
Something hits you but does no damage.
You closely miss something.
The orc wizard gestures at you while chanting.
The magic dart hits you!
You die...

##########################
...........#)......#....#.
.........o.')).....#....#.
.........@o#########....##
########..........#......#
#..........'......'
#..........#......#
.......#########....## ........+
#....#. ........# #....#.
#########################''###
####≈≈≈≈≈≈≈≈≈≈≈≈≈≈≈≈≈≈≈≈≈≈≈....≈≈


You could see an orc priest and an orc wizard.

Vanquished Creatures
  A big kobold (D:4)
  A hound (D:4)
  3 orc priests
  An orc wizard (D:4)
  A worker ant (D:4)
  A hound skeleton (D:4)
  4 adders
  2 oozes
  2 worms
  7 leopard geckos
  32 orcs
  A ball python (D:1)
  5 bats
  6 giant cockroaches
  5 goblins
  5 hobgoblins
  6 jackals (D:2)
  3 quokkas
  2 frilled lizards (D:3)
  42 kobolds
  11 rats
  A rat zombie (D:2)
142 creatures vanquished.

Notes
Turn   | Place    | Note
-------+----------+-------------------------------------------
     0 | D:1      | Eurus the Mummy Conjurer began the quest for the Orb.
     0 | D:1      | Reached XP level 1. HP: 13/13 MP: 4/4
    78 | D:1      | Reached skill level 3 in Spellcasting
   152 | D:1      | Reached XP level 2. HP: 17/20 MP: 1/6
   161 | D:1      | Learned a level 2 spell: Searing Ray
   285 | D:1      | Reached skill level 1 in Fighting
   944 | D:2      | Found a white marble altar of Elyvilon.
   993 | D:2      | Reached XP level 3. HP: 25/26 MP: 7/7
  1241 | D:2      | Found a hazy altar of Hepliaklqana.
  1241 | D:2      | Found a shadowy altar of Dithmenos.
  1391 | D:2      | Found an ancient bone altar of Kikubaaqudgha.
  1965 | D:2      | Found a sparkling altar of Nemelex Xobeh.
  2259 | D:3      | Reached XP level 4. HP: 33/33 MP: 6/9
  2367 | D:3      | Reached skill level 4 in Spellcasting
  3364 | D:2      | Reached XP level 5. HP: 32/39 MP: 8/11
  4095 | D:4      | Found a staircase to the Ecumenical Temple.
  4104 | Temple   | Entered the Ecumenical Temple
  4317 | Temple   | Became a worshipper of Ashenzari the Shackled
  4521 | D:4      | Reached skill level 5 in Spellcasting
  4521 | D:4      | Reached XP level 6. HP: 33/47 MP: 6/13
  4720 | D:4      | Found an iron altar of Okawaru.
  4773 | D:4      | Found a sparkling altar of Nemelex Xobeh.
  5520 | D:4      | HP: 2/48 [orc wizard/magic dart (8)]
  5522 | D:4      | Killed from afar by an orc wizard

Levels and vault maps discovered:
D:1:      onia_arrival_larder, layout_rooms
D:2:      layout_rooms, lemuel_coloured_pillars_altar, elyvilon_altar_4,
          lemuel_zombie_altar_kikubaaqudgha, gammafunk_temple_overflow_elements,
          serial_forest, infiniplex_forest_straight_2,
          infiniplex_forest_straight_2, infiniplex_forest_corner_1,
          infiniplex_forest_lined_2, infiniplex_forest_end_2,
          infiniplex_forest_lined_3, fountainhead, grunt_ministairs_5
D:3:      layout_basic
D:4:      minmay_goblin_kobold_castle, layout_rooms, overflow_temple_1_default,
          minmay_temple_entry_glass, first_ration, nemelex_spade_bored_becter
Temple:   jpeg_temple_island

Skill      XL: |  1  2  3  4  5 |
---------------+----------------+-----
Spellcasting   | 3 4 5 |  5.6
Fighting       | 1 2 3 |  3.8
Conjurations   | 4 |  4.7
Dodging        | |  1.5
Stealth        | |  1.5

Action                   |  1- 3 |  4- 6 || total
-------------------------+-------+-------++-------
Melee: Club              |    87 |       ||    87
       Unarmed           |     3 |       ||     3
       Flail             |       |   126 ||   126
 Cast: Magic Dart        |    50 |    78 ||   128
       Searing Ray       |     2 |    15 ||    17
 Stab: Sleeping          |     4 |     1 ||     5
Armor: Robe              |    19 |    44 ||    63
Dodge: Dodged            |    70 |   143 ||   213

Table legend:
 A = Non-vault XP
 B = Vault XP
 C = Vault XP percentage of total XP
 D = Non-vault monster count
 E = Vault monster count
 F = Vault count percentage of total count
                 A         B        C        D         E       F
            +---------+---------+-------+---------+---------+-------
      Total |     516 |     160 |  23.7 |      99 |      43 |  30.3
            +---------+---------+-------+---------+---------+-------
        D:1 |      20 |       9 |  31.0 |      12 |       6 |  33.3
        D:2 |     109 |       6 |   5.2 |      26 |       2 |   7.1
        D:3 |     137 |       0 |   0.0 |      45 |       0 |   0.0
        D:4 |     250 |     145 |  36.7 |      16 |      35 |  68.6
            +---------+---------+-------+---------+---------+-------
